Pick #1

Connor Bedard
Pick #2

Leo Carlsson
Pick #3

Adam Fantilli
Pick #4

Matvei Michkov
Pick #5

David Reinbacher
Pick #6

William Smith
Pick #7

Zachary Benson
Pick #8

Ryan Leonard
Pick #9

Gabriel Perreault
Pick #10

Axel Sandin-Pellika
Pick #11

Daniil But
Pick #12

Dalibor Dvorsky
Pick #13

Quentin Musty
Pick #14

Brayden Yager
Pick #15

Dmitry Simashev
Pick #16

Colby Barlow
Pick #17

Andrew Cristall
Pick #18

Easton Cowan
Pick #19

Jacob Fowler
Pick #20

Oliver Moore
Pick #21

Oliver Bonk
Pick #22

Tom Willander
Pick #23

Calum Ritchie
Pick #24

Tanner Molendyk
Pick #25

Gavin Brindley
Pick #26

Nate Danielson
Pick #27

Pick #28

Pick #29

Pick #30

Pick #31

Pick #32

Pick #33

Pick #34

Pick #35

Pick #36

Pick #37

Pick #38

Pick #39

Pick #40

Pick #41

Pick #42

Pick #43

Pick #44

Pick #45

Pick #46

Pick #47

Pick #48

Pick #49

Pick #50

Pick #51

Pick #52

Pick #53

Pick #54

Pick #55

Pick #56

Pick #57

Pick #58

Pick #59

Pick #60

Pick #61

Pick #62

Pick #63

Pick #64

Pick #65

Pick #66

Pick #67

Pick #68

Pick #69

Pick #70

Pick #71

Pick #72

Pick #73

Pick #74

Pick #75

Pick #76

Pick #77

Pick #78

Pick #79

Pick #80

Pick #81

Pick #82

Pick #83

Pick #84

Pick #85

Pick #86

Pick #87

Pick #88

Pick #89

Pick #90

Pick #91

Pick #92

Pick #93

Pick #94

Pick #95

Pick #96

Pick #97

Pick #98

Pick #99

Pick #100

Pick #101

Pick #102

Pick #103

Pick #104

Pick #105

Pick #106

Pick #107

Pick #108

Pick #109

Pick #110

Pick #111

Pick #112

Pick #113

Pick #114

Pick #115

Pick #116

Pick #117

Pick #118

Pick #119

Pick #120

Pick #121

Pick #122

Pick #123

Pick #124

Pick #125

Pick #126

Pick #127

Pick #128

Pick #129

Pick #130

Full Scoreboard »»

RedWings vs Kings

Created - March 30, 2024 at 12:20

Goals
1 2 3 OT1 T
RedWings 0 4 0 1 5
Kings 2 0 2 0 4
Shots
1 2 3 OT1 T
RedWings 5 8 8 3 24
Kings 10 10 18 2 40

GoalsPenalties
1st period
1. Kings , Victor Olofsson 13 (Derek Ryan 19) at 10:19
2. Kings , Derek Ryan 14 (Tyler Bertuzzi 28, David Savard 21) at 10:42 (PP)
Nick Jensen (LOS) for Tripping (Minor) at 1:22
David Perron (DET) for Hooking (Minor) at 10:30
Tyler Bertuzzi (LOS) for High sticking (Minor) at 19:00
2nd period
3. RedWings , Denis Gurianov 4 (Mark Scheifele 32, Patrik Nemeth 7) at 1:58
4. RedWings , Drew Doughty 15 (Brayden Schenn 43, Seth Jones 31) at 4:37
5. RedWings , Derick Brassard 5 (Stefan Noesen 6, John Carlson 48) at 11:12
6. RedWings , Seth Jones 12 (Drew Doughty 45, David Pastrnak 14) at 13:00
David Perron (DET) for Cross-checking (Minor) at 19:18
3rd period
7. Kings , David Krejci 5 (Nick Jensen 16, Cole Sillinger 5) at 8:13
8. Kings , Victor Olofsson 14 (Derek Ryan 20, Nick Jensen 17) at 10:38
No Penalty
Overtime #1
9. RedWings , Evgenii Dadonov 10 (Drew Doughty 46) at 4:36
No Penalty
Goalie Stats
Adin Hill (DET), 36 saves from 40 shots - (0.900), W, 21-21-1, 64:37 minutes
Tristan Jarry (LOS), 8 saves from 12 shots - (0.667), 33:00 minutes
Karel Vejmelka (LOS), 11 saves from 12 shots - (0.917), OTL, 11-8-4, 31:37 minutes
3 StarsOfficial
1 - Drew Doughty (DET)
2 - Seth Jones (DET)
3 - Victor Olofsson (LOS)
Referees : Troy Paterson and Dan Kelly
Linesman : Jake Davis and Ryan Daisy
Game Note
Karel Vejmelka enters game at 13:00 of 2nd period
Finance
Level 1 -- Attendance: 6500 (100.00%) -- Ticket Income $617,500
Level 2 -- Attendance: 5000 (100.00%) -- Ticket Income $375,000
Level 3 -- Attendance: 3179 (90.83%) -- Ticket Income $174,845
Level 4 -- Attendance: 2118 (100.00%) -- Ticket Income $84,720
Luxury Box -- Attendance: 859 (85.90%) -- Ticket Income $193,275
Game was played at the Staples Center.
Total Attendance: 17656 (97.45%)
Total Ticket Income: $1,445,340
Other Income: $361,335
Total Income: $1,806,675



Team Name Goals Shots Shots Attemp Shots Blocked PIM HIT PP PK FO%
RedWings 52439144270 / 2 (0%)144%
Kings 4408654151 / 2 (50%)056%

RedWings
Player Name POS G A P +/- PIM HIT SHT SB MP PP MP PP SHT PK MP PK SHT FO% FOT
Brayden SchennC0110002022:052:0902:08068% 28
David PastrnakRW0110012021:370:0000:00029% 28
David PerronLW0000430020:550:0000:000100% 1
Denis GurianovRW101000306:320:0000:0000% 0
Derick BrassardC1012012015:031:4900:03047% 15
Drew DoughtyD1232022020:121:4600:3100% 0
Erik KarlssonD000-1031527:262:1211:4000% 0
Evgenii DadonovRW1011002020:342:0902:08020% 5
John CarlsonD011-1031326:462:1201:4000% 0
Mark ScheifeleC011001006:320:0000:0000% 0
Nick CousinsC000001006:320:0000:00022% 9
Nick FolignoLW0000020117:412:0900:0000% 0
Patrik NemethD0111020215:230:0000:0000% 0
Phillip Di GiuseppeLW0001012014:181:4900:0300% 0
Ryan HartmanRW0000016022:461:4900:00050% 4
Ryan MurrayD0001010115:230:0000:0000% 0
Seth JonesD1121031219:271:4600:3100% 0
Stefan NoesenRW0111020012:260:0000:0000% 0
Kings
Player Name POS G A P +/- PIM HIT SHT SB MP PP MP PP SHT PK MP PK SHT FO% FOT
Cole SillingerC011-1023018:070:4800:00057% 23
David KrejciC1010014015:440:0000:000100% 1
David SavardD011-2011124:211:0012:2600% 0
Derek RyanC1231003018:261:2311:03070% 27
Ilya MikheyevRW000-2007019:221:0011:03033% 3
Jason DickinsonC000-1013021:230:0002:55048% 23
Joel EdmundsonD0002010119:261:1101:5800% 0
Jonny BrodzinskiC000-100006:030:0000:0000% 0
Kailer YamamotoRW000-1012019:160:4800:0000% 1
Kirill MarchenkoRW0000011016:320:4800:0000% 1
Mike ReillyD000-2001224:470:0002:0000% 0
Nick JensenD0222200118:041:1100:3700% 0
Rasmus RistolainenD000-2020018:030:0000:5500% 0
Timothy LiljegrenD000-1000018:550:0000:0000% 0
Tomas NosekLW000-101106:030:0000:00033% 9
Tyler BertuzziLW0111218019:061:2310:0000% 0
Tyler MotteC000-103108:580:0002:550100% 1
Victor OlofssonLW2021005017:151:2300:000100% 1



Play-by-Play

1st period


0:01 of 1st period - Derek Ryan wins face-off versus David Pastrnak in neutral zone.
0:36 of 1st period - Mike Reilly is hit by David Perron and loses puck.
1:22 of 1st period - Minor Penalty to Nick Jensen for Tripping.
1:23 of 1st period - Ryan Hartman wins face-off versus Jason Dickinson in Kings zone.
2:08 of 1st period - Shot by Erik Karlsson.
2:08 of 1st period - Stopped by Tristan Jarry without a rebound.
2:09 of 1st period - Brayden Schenn wins face-off versus Jason Dickinson in Kings zone.
2:45 of 1st period - Icing by Erik Karlsson.
2:46 of 1st period - Brayden Schenn wins face-off versus Ilya Mikheyev in RedWings zone.
3:34 of 1st period - Shot by Mark Scheifele.
3:34 of 1st period - Shot Misses the Net.
3:36 of 1st period - Shot by Mark Scheifele.
3:36 of 1st period - Shot Misses the Net.
3:47 of 1st period - Off-side.
3:48 of 1st period - Victor Olofsson wins face-off versus Derick Brassard in neutral zone.
3:48 of 1st period - Victor Olofsson is hit by Stefan Noesen.
4:06 of 1st period - Shot by Victor Olofsson.
4:06 of 1st period - Shot Misses the Net.
4:08 of 1st period - Shot by David Savard.
4:08 of 1st period - Shot Misses the Net.
4:14 of 1st period - Shot by Tyler Bertuzzi.
4:14 of 1st period - Stopped by Adin Hill without a rebound.
4:15 of 1st period - Cole Sillinger wins face-off versus David Pastrnak in RedWings zone.
5:24 of 1st period - Joel Edmundson is hit by Nick Foligno and loses puck.
5:34 of 1st period - Off-side.
5:35 of 1st period - Jason Dickinson wins face-off versus Derick Brassard in neutral zone.
5:44 of 1st period - Shot by Kailer Yamamoto.
5:44 of 1st period - Shot Misses the Net.
5:51 of 1st period - Ilya Mikheyev is hit by Drew Doughty and loses puck.
6:12 of 1st period - Shot by Jason Dickinson.
6:12 of 1st period - Stopped by Adin Hill without a rebound.
6:13 of 1st period - Tyler Motte wins face-off versus Brayden Schenn in RedWings zone.
6:20 of 1st period - Off-side.
6:21 of 1st period - Brayden Schenn wins face-off versus Derek Ryan in neutral zone.
6:46 of 1st period - Shot by Brayden Schenn.
6:46 of 1st period - Shot Misses the Net.
7:26 of 1st period - Icing by Erik Karlsson.
7:27 of 1st period - Brayden Schenn wins face-off versus Jason Dickinson in RedWings zone.
7:48 of 1st period - Rasmus Ristolainen is hit by David Perron and loses puck.
8:39 of 1st period - Off-side.
8:40 of 1st period - Cole Sillinger wins face-off versus Derick Brassard in neutral zone.
8:45 of 1st period - Shot by David Krejci.
8:45 of 1st period - Stopped by Adin Hill without a rebound.
8:46 of 1st period - Derick Brassard wins face-off versus Cole Sillinger in RedWings zone.
8:46 of 1st period - Derick Brassard is hit by Cole Sillinger.
9:24 of 1st period - Shot by Kirill Marchenko.
9:24 of 1st period - Stopped by Adin Hill without a rebound.
9:25 of 1st period - Brayden Schenn wins face-off versus Tomas Nosek in RedWings zone.
9:25 of 1st period - Erik Karlsson is hit by Tyler Motte and loses puck.
10:04 of 1st period - Erik Karlsson is hit by Tyler Motte and loses puck.
10:19 of 1st period - Shot by Victor Olofsson.
10:19 of 1st period - Goal by Victor Olofsson - RedWings : 0 - Kings : 1.
10:20 of 1st period - Derek Ryan wins face-off versus David Pastrnak in neutral zone.
10:30 of 1st period - Minor Penalty to David Perron for Hooking.
10:31 of 1st period - Derek Ryan wins face-off versus Evgenii Dadonov in RedWings zone.
10:32 of 1st period - Shot by Ilya Mikheyev.
10:32 of 1st period - Shot Misses the Net.
10:34 of 1st period - Shot by Victor Olofsson.
10:34 of 1st period - Shot Misses the Net.
10:36 of 1st period - Shot by David Savard.
10:36 of 1st period - Stopped by Adin Hill with a rebound.
10:38 of 1st period - Shot by Derek Ryan.
10:38 of 1st period - Shot Misses the Net.
10:40 of 1st period - Shot by Tyler Bertuzzi.
10:40 of 1st period - Shot Misses the Net.
10:42 of 1st period - Shot by Derek Ryan.
10:42 of 1st period - Goal by Derek Ryan - RedWings : 0 - Kings : 2.
10:43 of 1st period - Cole Sillinger wins face-off versus David Pastrnak in neutral zone.
10:48 of 1st period - Shot by Timothy Liljegren.
10:48 of 1st period - Shot Misses the Net.
11:08 of 1st period - Shot by Cole Sillinger.
11:08 of 1st period - Stopped by Adin Hill without a rebound.
11:09 of 1st period - Jason Dickinson wins face-off versus Nick Cousins in RedWings zone.
11:10 of 1st period - Shot by Ilya Mikheyev.
11:10 of 1st period - Shot Misses the Net.
11:12 of 1st period - Shot by Jason Dickinson.
11:12 of 1st period - Stopped by Adin Hill with a rebound.
11:14 of 1st period - Shot by Ilya Mikheyev.
11:14 of 1st period - Shot Blocked by Erik Karlsson.
11:16 of 1st period - Shot by Mike Reilly.
11:16 of 1st period - Shot Misses the Net.
11:18 of 1st period - Shot by Ilya Mikheyev.
11:18 of 1st period - Stopped by Adin Hill without a rebound.
11:19 of 1st period - Derek Ryan wins face-off versus Derick Brassard in RedWings zone.
11:43 of 1st period - Icing by David Savard.
11:44 of 1st period - Derek Ryan wins face-off versus David Pastrnak in Kings zone.
12:12 of 1st period - Shot by Tyler Bertuzzi.
12:12 of 1st period - Shot Misses the Net.
13:14 of 1st period - Shot by Denis Gurianov.
13:14 of 1st period - Stopped by Tristan Jarry without a rebound.
13:15 of 1st period - Cole Sillinger wins face-off versus Brayden Schenn in Kings zone.
13:24 of 1st period - Brayden Schenn is hit by Kirill Marchenko.
13:37 of 1st period - Off-side.
13:38 of 1st period - Derek Ryan wins face-off versus David Pastrnak in neutral zone.
14:47 of 1st period - Shot by Brayden Schenn.
14:47 of 1st period - Stopped by Tristan Jarry without a rebound.
14:48 of 1st period - Derick Brassard wins face-off versus Kirill Marchenko in Kings zone.
14:48 of 1st period - Derick Brassard is hit by Rasmus Ristolainen.
15:04 of 1st period - Shot by Kirill Marchenko.
15:04 of 1st period - Shot Misses the Net.
16:38 of 1st period - Joel Edmundson is hit by Seth Jones and loses puck.
17:01 of 1st period - Shot by Drew Doughty.
17:01 of 1st period - Shot Blocked by Joel Edmundson.
17:03 of 1st period - Shot by David Pastrnak.
17:03 of 1st period - Deflect By Ryan Hartman.
17:03 of 1st period - Shot Blocked by Nick Jensen.
17:05 of 1st period - Shot by Ryan Hartman.
17:05 of 1st period - Stopped by Tristan Jarry without a rebound.
17:06 of 1st period - Tomas Nosek wins face-off versus Nick Cousins in Kings zone.
17:30 of 1st period - Denis Gurianov is hit by David Savard and loses puck.
17:43 of 1st period - Shot by Denis Gurianov.
17:43 of 1st period - Stopped by Tristan Jarry without a rebound.
17:44 of 1st period - Cole Sillinger wins face-off versus Brayden Schenn in Kings zone.
17:51 of 1st period - Off-side.
17:52 of 1st period - Cole Sillinger wins face-off versus David Pastrnak in neutral zone.
17:54 of 1st period - Rasmus Ristolainen is hit by John Carlson.
17:59 of 1st period - Cole Sillinger is hit by John Carlson and loses puck.
18:53 of 1st period - Icing by Derek Ryan.
18:54 of 1st period - Derek Ryan wins face-off versus Brayden Schenn in Kings zone.
19:00 of 1st period - Minor Penalty to Tyler Bertuzzi for High sticking.
19:01 of 1st period - Jason Dickinson wins face-off versus Evgenii Dadonov in Kings zone.
19:01 of 1st period - Jason Dickinson is hit by Nick Foligno.
19:08 of 1st period - Icing by Seth Jones.
19:09 of 1st period - Brayden Schenn wins face-off versus Jason Dickinson in RedWings zone.
19:09 of 1st period - Brayden Schenn is hit by Tyler Motte.
19:50 of 1st period - Shot by Seth Jones.
19:50 of 1st period - Shot Misses the Net.
19:52 of 1st period - Shot by Drew Doughty.
19:52 of 1st period - Shot Blocked by Mike Reilly.
Goals for this period are 0 for RedWings vs 2 for Kings.
Shots for this period are 5 for RedWings vs 10 for Kings.

2nd period


0:01 of 2nd period - Jason Dickinson wins face-off versus Ryan Hartman in neutral zone.
0:33 of 2nd period - Icing by Phillip Di Giuseppe.
0:34 of 2nd period - Jason Dickinson wins face-off versus Ryan Hartman in RedWings zone.
1:08 of 2nd period - Icing by Rasmus Ristolainen.
1:09 of 2nd period - Cole Sillinger wins face-off versus Brayden Schenn in Kings zone.
1:38 of 2nd period - Shot by David Krejci.
1:38 of 2nd period - Stopped by Adin Hill without a rebound.
1:39 of 2nd period - Derek Ryan wins face-off versus Nick Cousins in RedWings zone.
1:40 of 2nd period - Shot by Victor Olofsson.
1:40 of 2nd period - Deflect By Tyler Bertuzzi.
1:40 of 2nd period - Shot Misses the Net.
1:56 of 2nd period - Shot by Mark Scheifele.
1:56 of 2nd period - Shot Misses the Net.
1:58 of 2nd period - Shot by Denis Gurianov.
1:58 of 2nd period - Goal by Denis Gurianov - RedWings : 1 - Kings : 2.
1:59 of 2nd period - Jason Dickinson wins face-off versus David Pastrnak in neutral zone.
2:03 of 2nd period - Nick Jensen is hit by John Carlson.
2:15 of 2nd period - Icing by John Carlson.
2:16 of 2nd period - Derek Ryan wins face-off versus David Pastrnak in RedWings zone.
2:29 of 2nd period - Shot by Victor Olofsson.
2:29 of 2nd period - Stopped by Adin Hill without a rebound.
2:30 of 2nd period - Derick Brassard wins face-off versus Jason Dickinson in RedWings zone.
2:55 of 2nd period - Kailer Yamamoto is hit by Drew Doughty and loses puck.
3:33 of 2nd period - Off-side.
3:34 of 2nd period - Brayden Schenn wins face-off versus Derek Ryan in neutral zone.
3:39 of 2nd period - Shot by Evgenii Dadonov.
3:39 of 2nd period - Stopped by Tristan Jarry without a rebound.
3:40 of 2nd period - David Pastrnak wins face-off versus Derek Ryan in Kings zone.
4:05 of 2nd period - Shot by Ryan Hartman.
4:05 of 2nd period - Stopped by Tristan Jarry without a rebound.
4:06 of 2nd period - Brayden Schenn wins face-off versus Cole Sillinger in Kings zone.
4:35 of 2nd period - Shot by Brayden Schenn.
4:35 of 2nd period - Shot Misses the Net.
4:37 of 2nd period - Shot by Drew Doughty.
4:37 of 2nd period - Goal by Drew Doughty - RedWings : 2 - Kings : 2.
4:38 of 2nd period - David Perron wins face-off versus Jason Dickinson in neutral zone.
4:48 of 2nd period - Off-side.
4:49 of 2nd period - Derick Brassard wins face-off versus Derek Ryan in neutral zone.
5:04 of 2nd period - Shot by Derick Brassard.
5:04 of 2nd period - Stopped by Tristan Jarry with a rebound.
5:27 of 2nd period - Icing by Nick Jensen.
5:28 of 2nd period - Derek Ryan wins face-off versus David Pastrnak in Kings zone.
7:04 of 2nd period - Off-side.
7:05 of 2nd period - Cole Sillinger wins face-off versus Derick Brassard in neutral zone.
7:07 of 2nd period - Rasmus Ristolainen is hit by Patrik Nemeth and loses puck.
8:54 of 2nd period - Shot by Tyler Motte.
8:54 of 2nd period - Shot Blocked by Nick Foligno.
9:24 of 2nd period - Icing by Ryan Hartman.
9:25 of 2nd period - David Pastrnak wins face-off versus Jason Dickinson in RedWings zone.
9:48 of 2nd period - Icing by David Savard.
9:49 of 2nd period - Jason Dickinson wins face-off versus Nick Cousins in Kings zone.
10:00 of 2nd period - Mike Reilly is hit by Nick Cousins and loses puck.
11:01 of 2nd period - Jason Dickinson is hit by Derick Brassard and loses puck.
11:10 of 2nd period - Shot by John Carlson.
11:10 of 2nd period - Shot Misses the Net.
11:12 of 2nd period - Shot by Stefan Noesen.
11:12 of 2nd period - Deflect By Derick Brassard.
11:12 of 2nd period - Goal by Derick Brassard - RedWings : 3 - Kings : 2.
11:13 of 2nd period - Derek Ryan wins face-off versus David Pastrnak in neutral zone.
11:36 of 2nd period - Shot by Tyler Bertuzzi.
11:36 of 2nd period - Stopped by Adin Hill without a rebound.
11:37 of 2nd period - Evgenii Dadonov wins face-off versus Cole Sillinger in RedWings zone.
11:39 of 2nd period - Icing by John Carlson.
11:40 of 2nd period - Brayden Schenn wins face-off versus Cole Sillinger in RedWings zone.
11:40 of 2nd period - Brayden Schenn is hit by Cole Sillinger.
12:10 of 2nd period - Shot by David Krejci.
12:10 of 2nd period - Shot Blocked by John Carlson.
12:12 of 2nd period - Shot by Joel Edmundson.
12:12 of 2nd period - Shot Blocked by John Carlson.
12:47 of 2nd period - Shot by Tyler Bertuzzi.
12:47 of 2nd period - Shot Misses the Net.
12:49 of 2nd period - Shot by Tyler Bertuzzi.
12:49 of 2nd period - Shot Misses the Net.
12:51 of 2nd period - Shot by Victor Olofsson.
12:51 of 2nd period - Stopped by Adin Hill without a rebound.
12:52 of 2nd period - David Pastrnak wins face-off versus Tomas Nosek in RedWings zone.
12:52 of 2nd period - David Pastrnak is hit by Tomas Nosek.
13:00 of 2nd period - Shot by Seth Jones.
13:00 of 2nd period - Goal by Seth Jones - RedWings : 4 - Kings : 2.
13:00 of 2nd period - Karel Vejmelka enters game.
13:01 of 2nd period - David Pastrnak wins face-off versus Tomas Nosek in neutral zone.
14:00 of 2nd period - Icing by Drew Doughty.
14:01 of 2nd period - Derek Ryan wins face-off versus David Pastrnak in RedWings zone.
14:03 of 2nd period - Tyler Bertuzzi is hit by Seth Jones and loses puck.
14:38 of 2nd period - Shot by Victor Olofsson.
14:38 of 2nd period - Shot Blocked by Erik Karlsson.
14:46 of 2nd period - John Carlson is hit by Tyler Bertuzzi and loses puck.
15:21 of 2nd period - Nick Jensen is hit by Phillip Di Giuseppe and loses puck.
15:43 of 2nd period - Shot by Cole Sillinger.
15:43 of 2nd period - Stopped by Adin Hill without a rebound.
15:44 of 2nd period - Jason Dickinson wins face-off versus Brayden Schenn in RedWings zone.
15:51 of 2nd period - Shot by Ilya Mikheyev.
15:51 of 2nd period - Stopped by Adin Hill without a rebound.
15:52 of 2nd period - Jason Dickinson wins face-off versus Brayden Schenn in RedWings zone.
16:03 of 2nd period - Shot by Jason Dickinson.
16:03 of 2nd period - Shot Misses the Net.
17:29 of 2nd period - Shot by David Pastrnak.
17:29 of 2nd period - Stopped by Karel Vejmelka without a rebound.
17:30 of 2nd period - Derek Ryan wins face-off versus Nick Cousins in Kings zone.
17:30 of 2nd period - Derek Ryan is hit by Mark Scheifele.
18:00 of 2nd period - Shot by Derek Ryan.
18:00 of 2nd period - Stopped by Adin Hill without a rebound.
18:01 of 2nd period - Derick Brassard wins face-off versus Cole Sillinger in RedWings zone.
18:44 of 2nd period - Icing by Stefan Noesen.
18:45 of 2nd period - Derek Ryan wins face-off versus Derick Brassard in RedWings zone.
18:58 of 2nd period - Shot by Victor Olofsson.
18:58 of 2nd period - Shot Misses the Net.
19:00 of 2nd period - Shot by Derek Ryan.
19:00 of 2nd period - Shot Misses the Net.
19:02 of 2nd period - Shot by Victor Olofsson.
19:02 of 2nd period - Stopped by Adin Hill with a rebound.
19:04 of 2nd period - Shot by Derek Ryan.
19:04 of 2nd period - Shot Misses the Net.
19:08 of 2nd period - Shot by Victor Olofsson.
19:08 of 2nd period - Deflect By Tyler Bertuzzi.
19:08 of 2nd period - Stopped by Adin Hill without a rebound.
19:09 of 2nd period - Jason Dickinson wins face-off versus David Pastrnak in RedWings zone.
19:09 of 2nd period - Jason Dickinson is hit by Erik Karlsson.
19:12 of 2nd period - Kailer Yamamoto is hit by Erik Karlsson and loses puck.
19:18 of 2nd period - Minor Penalty to David Perron for Cross-checking.
19:19 of 2nd period - Derek Ryan wins face-off versus Brayden Schenn in RedWings zone.
19:40 of 2nd period - Shot by Tyler Bertuzzi.
19:40 of 2nd period - Stopped by Adin Hill without a rebound.
19:41 of 2nd period - Cole Sillinger wins face-off versus Evgenii Dadonov in RedWings zone.
Goals for this period are 4 for RedWings vs 0 for Kings.
Shots for this period are 8 for RedWings vs 10 for Kings.

3rd period


0:01 of 3rd period - Derek Ryan wins face-off versus Evgenii Dadonov in neutral zone.
0:06 of 3rd period - Shot by Joel Edmundson.
0:06 of 3rd period - Shot Misses the Net.
0:08 of 3rd period - Shot by Nick Jensen.
0:08 of 3rd period - Shot Misses the Net.
0:20 of 3rd period - Shot by Tyler Bertuzzi.
0:20 of 3rd period - Shot Blocked by Erik Karlsson.
0:24 of 3rd period - Shot by Nick Jensen.
0:24 of 3rd period - Shot Misses the Net.
0:26 of 3rd period - Shot by Victor Olofsson.
0:26 of 3rd period - Shot Hit the Post.
0:28 of 3rd period - Shot by Derek Ryan.
0:28 of 3rd period - Shot Blocked by John Carlson.
1:14 of 3rd period - Shot by Ilya Mikheyev.
1:14 of 3rd period - Stopped by Adin Hill without a rebound.
1:15 of 3rd period - Derick Brassard wins face-off versus Cole Sillinger in RedWings zone.
1:15 of 3rd period - Derick Brassard is hit by Kailer Yamamoto.
1:30 of 3rd period - Icing by Timothy Liljegren.
1:31 of 3rd period - Tomas Nosek wins face-off versus David Pastrnak in Kings zone.
1:38 of 3rd period - Shot by Tyler Motte.
1:38 of 3rd period - Shot Blocked by Patrik Nemeth.
1:53 of 3rd period - Icing by Patrik Nemeth.
1:54 of 3rd period - Cole Sillinger wins face-off versus David Pastrnak in RedWings zone.
1:54 of 3rd period - Cole Sillinger is hit by Patrik Nemeth.
2:20 of 3rd period - Shot by Ryan Hartman.
2:20 of 3rd period - Stopped by Karel Vejmelka without a rebound.
2:21 of 3rd period - Nick Cousins wins face-off versus Derek Ryan in Kings zone.
2:24 of 3rd period - Shot by Mark Scheifele.
2:24 of 3rd period - Shot Misses the Net.
2:36 of 3rd period - Shot by Tyler Bertuzzi.
2:36 of 3rd period - Shot Misses the Net.
2:42 of 3rd period - Shot by Victor Olofsson.
2:42 of 3rd period - Shot Blocked by Erik Karlsson.
2:54 of 3rd period - Shot by Tyler Bertuzzi.
2:54 of 3rd period - Stopped by Adin Hill with a rebound.
3:05 of 3rd period - Icing by Erik Karlsson.
3:06 of 3rd period - Jason Dickinson wins face-off versus Nick Cousins in RedWings zone.
3:15 of 3rd period - Shot by Ilya Mikheyev.
3:15 of 3rd period - Shot Misses the Net.
3:17 of 3rd period - Shot by Kailer Yamamoto.
3:17 of 3rd period - Shot Misses the Net.
3:31 of 3rd period - Shot by Ilya Mikheyev.
3:31 of 3rd period - Stopped by Adin Hill with a rebound.
4:19 of 3rd period - Seth Jones is hit by David Krejci and loses puck.
5:07 of 3rd period - Shot by Tyler Bertuzzi.
5:07 of 3rd period - Stopped by Adin Hill without a rebound.
5:08 of 3rd period - Tomas Nosek wins face-off versus Brayden Schenn in RedWings zone.
5:16 of 3rd period - Jonny Brodzinski is hit by Ryan Murray and loses puck.
5:23 of 3rd period - Shot by Tyler Motte.
5:23 of 3rd period - Shot Misses the Net.
5:45 of 3rd period - Shot by Tomas Nosek.
5:45 of 3rd period - Stopped by Adin Hill with a rebound.
5:51 of 3rd period - Shot by Tyler Motte.
5:51 of 3rd period - Stopped by Adin Hill with a rebound.
6:22 of 3rd period - Shot by Rasmus Ristolainen.
6:22 of 3rd period - Shot Misses the Net.
6:58 of 3rd period - Shot by David Krejci.
6:58 of 3rd period - Stopped by Adin Hill with a rebound.
7:14 of 3rd period - Shot by Cole Sillinger.
7:14 of 3rd period - Stopped by Adin Hill without a rebound.
7:15 of 3rd period - Ilya Mikheyev wins face-off versus David Pastrnak in RedWings zone.
7:36 of 3rd period - Shot by Kailer Yamamoto.
7:36 of 3rd period - Shot Blocked by Erik Karlsson.
7:40 of 3rd period - Shot by Ilya Mikheyev.
7:40 of 3rd period - Stopped by Adin Hill with a rebound.
7:48 of 3rd period - Shot by Kailer Yamamoto.
7:48 of 3rd period - Stopped by Adin Hill without a rebound.
7:49 of 3rd period - David Krejci wins face-off versus Derick Brassard in RedWings zone.
8:05 of 3rd period - Icing by Nick Jensen.
8:06 of 3rd period - Cole Sillinger wins face-off versus Nick Cousins in Kings zone.
8:13 of 3rd period - Shot by David Krejci.
8:13 of 3rd period - Goal by David Krejci - RedWings : 4 - Kings : 3.
8:14 of 3rd period - David Pastrnak wins face-off versus Kailer Yamamoto in neutral zone.
9:40 of 3rd period - Shot by Phillip Di Giuseppe.
9:40 of 3rd period - Stopped by Karel Vejmelka with a rebound.
9:50 of 3rd period - Ilya Mikheyev is hit by Stefan Noesen.
9:51 of 3rd period - Icing by Ilya Mikheyev.
9:52 of 3rd period - Nick Cousins wins face-off versus Jason Dickinson in Kings zone.
10:02 of 3rd period - Icing by Ilya Mikheyev.
10:03 of 3rd period - Brayden Schenn wins face-off versus Jason Dickinson in Kings zone.
10:06 of 3rd period - Shot by Drew Doughty.
10:06 of 3rd period - Stopped by Karel Vejmelka without a rebound.
10:07 of 3rd period - Derek Ryan wins face-off versus David Pastrnak in Kings zone.
10:07 of 3rd period - Victor Olofsson is hit by Ryan Hartman and loses puck.
10:30 of 3rd period - Shot by Derek Ryan.
10:30 of 3rd period - Shot Blocked by Seth Jones.
10:32 of 3rd period - Shot by Victor Olofsson.
10:32 of 3rd period - Shot Blocked by Seth Jones.
10:36 of 3rd period - Shot by Derek Ryan.
10:36 of 3rd period - Shot Misses the Net.
10:38 of 3rd period - Shot by Victor Olofsson.
10:38 of 3rd period - Goal by Victor Olofsson - RedWings : 4 - Kings : 4.
10:39 of 3rd period - Brayden Schenn wins face-off versus Cole Sillinger in neutral zone.
10:58 of 3rd period - Shot by Kirill Marchenko.
10:58 of 3rd period - Shot Misses the Net.
11:01 of 3rd period - Icing by Brayden Schenn.
11:02 of 3rd period - Brayden Schenn wins face-off versus Tomas Nosek in RedWings zone.
11:16 of 3rd period - Shot by Evgenii Dadonov.
11:16 of 3rd period - Shot Misses the Net.
11:24 of 3rd period - Icing by Tomas Nosek.
11:25 of 3rd period - David Pastrnak wins face-off versus Tomas Nosek in Kings zone.
11:46 of 3rd period - Off-side.
11:47 of 3rd period - Derek Ryan wins face-off versus Derick Brassard in neutral zone.
12:00 of 3rd period - Shot by Tyler Bertuzzi.
12:00 of 3rd period - Shot Blocked by Patrik Nemeth.
12:02 of 3rd period - Shot by Derek Ryan.
12:02 of 3rd period - Stopped by Adin Hill with a rebound.
12:46 of 3rd period - Shot by David Krejci.
12:46 of 3rd period - Shot Misses the Net.
13:44 of 3rd period - Shot by Jason Dickinson.
13:44 of 3rd period - Shot Blocked by Ryan Murray.
13:46 of 3rd period - Shot by Nick Jensen.
13:46 of 3rd period - Shot Misses the Net.
13:48 of 3rd period - Shot by Kailer Yamamoto.
13:48 of 3rd period - Stopped by Adin Hill with a rebound.
13:50 of 3rd period - Shot by Jason Dickinson.
13:50 of 3rd period - Stopped by Adin Hill without a rebound.
13:51 of 3rd period - David Pastrnak wins face-off versus Tomas Nosek in RedWings zone.
13:58 of 3rd period - Icing by Erik Karlsson.
13:59 of 3rd period - Derek Ryan wins face-off versus David Pastrnak in RedWings zone.
14:09 of 3rd period - Shot by Tyler Bertuzzi.
14:09 of 3rd period - Stopped by Adin Hill without a rebound.
14:10 of 3rd period - Brayden Schenn wins face-off versus Jason Dickinson in RedWings zone.
14:12 of 3rd period - Erik Karlsson is hit by Jason Dickinson.
14:38 of 3rd period - Shot by Ilya Mikheyev.
14:38 of 3rd period - Stopped by Adin Hill without a rebound.
14:39 of 3rd period - Cole Sillinger wins face-off versus David Pastrnak in RedWings zone.
14:53 of 3rd period - David Krejci is hit by Seth Jones and loses puck.
15:04 of 3rd period - David Krejci is hit by David Pastrnak and loses puck.
15:11 of 3rd period - Shot by Ryan Hartman.
15:11 of 3rd period - Stopped by Karel Vejmelka with a rebound.
15:13 of 3rd period - Shot by Ryan Hartman.
15:13 of 3rd period - Stopped by Karel Vejmelka with a rebound.
15:15 of 3rd period - Shot by Ryan Hartman.
15:15 of 3rd period - Stopped by Karel Vejmelka without a rebound.
15:16 of 3rd period - Brayden Schenn wins face-off versus Derek Ryan in Kings zone.
15:16 of 3rd period - Erik Karlsson is hit by Joel Edmundson and loses puck.
15:28 of 3rd period - Victor Olofsson is hit by Erik Karlsson and loses puck.
16:49 of 3rd period - Shot by Mark Scheifele.
16:49 of 3rd period - Shot Blocked by David Savard.
17:13 of 3rd period - Rasmus Ristolainen is hit by David Perron and loses puck.
18:12 of 3rd period - Off-side.
18:13 of 3rd period - Brayden Schenn wins face-off versus Derek Ryan in neutral zone.
18:47 of 3rd period - Shot by Tyler Bertuzzi.
18:47 of 3rd period - Stopped by Adin Hill without a rebound.
18:48 of 3rd period - Derick Brassard wins face-off versus Cole Sillinger in RedWings zone.
19:05 of 3rd period - Shot by Phillip Di Giuseppe.
19:05 of 3rd period - Stopped by Karel Vejmelka without a rebound.
19:06 of 3rd period - David Pastrnak wins face-off versus Jason Dickinson in Kings zone.
19:06 of 3rd period - David Pastrnak is hit by Rasmus Ristolainen.
19:20 of 3rd period - Icing by David Pastrnak.
19:21 of 3rd period - Cole Sillinger wins face-off versus David Pastrnak in RedWings zone.
19:36 of 3rd period - Shot by David Pastrnak.
19:36 of 3rd period - Stopped by Karel Vejmelka without a rebound.
19:37 of 3rd period - Brayden Schenn wins face-off versus Derek Ryan in Kings zone.
Goals for this period are 0 for RedWings vs 2 for Kings.
Shots for this period are 8 for RedWings vs 18 for Kings.

Overtime #1


0:01 of 1st overtime period - Brayden Schenn wins face-off versus Jason Dickinson in neutral zone.
1:09 of 1st overtime period - Shot by Mike Reilly.
1:09 of 1st overtime period - Stopped by Adin Hill without a rebound.
1:10 of 1st overtime period - Ryan Hartman wins face-off versus Cole Sillinger in RedWings zone.
1:23 of 1st overtime period - Shot by Ryan Hartman.
1:23 of 1st overtime period - Deflect By David Perron.
1:23 of 1st overtime period - Shot Blocked by Mike Reilly.
1:25 of 1st overtime period - Shot by John Carlson.
1:25 of 1st overtime period - Stopped by Karel Vejmelka without a rebound.
1:26 of 1st overtime period - Brayden Schenn wins face-off versus Cole Sillinger in Kings zone.
1:47 of 1st overtime period - Shot by David Pastrnak.
1:47 of 1st overtime period - Shot Misses the Net.
3:03 of 1st overtime period - Shot by Ilya Mikheyev.
3:03 of 1st overtime period - Stopped by Adin Hill without a rebound.
3:04 of 1st overtime period - Brayden Schenn wins face-off versus Ilya Mikheyev in RedWings zone.
3:31 of 1st overtime period - Shot by Brayden Schenn.
3:31 of 1st overtime period - Stopped by Karel Vejmelka with a rebound.
4:36 of 1st overtime period - Shot by Evgenii Dadonov.
4:36 of 1st overtime period - Goal by Evgenii Dadonov - RedWings : 5 - Kings : 4.
Goals for this period are 1 for RedWings vs 0 for Kings.
Shots for this period are 3 for RedWings vs 2 for Kings.